 Dungeon Crawl Stone Soup version 0.21-a0-426-g98080a9 (webtiles) character file.

170 Atlas the Magician (level 5, -1/36 HPs)
             Began as a Mummy Fire Elementalist on Nov 7, 2017.
             Slain by a gnoll
             ... wielding a +0 spear
              (7 damage)
             ... on level 2 of the Dungeon.
             The game lasted 00:05:08 (2126 turns).

Atlas the Magician (Mummy Fire Elementalist)        Turns: 2126, Time: 00:05:08

Health: -1/36      AC:  2    Str: 11    XL:     5   Next: 25%
Magic:  4/11       EV: 12    Int: 15    God:
Gold:   73         SH:  0    Dex: 13    Spells: 11/12 levels left

rFire    x . .     SeeInvis +   (no weapon)
rCold    + . .     Gourm    .   (no shield)
rNeg     + + +     Faith    .   a - +0 robe
rPois    ∞         Spirit   .   (no helmet)
rElec    .         Reflect  .   (no cloak)
rCorr    .         Harm     .   (no gloves)
MR       .....                  (no boots)
Stlth    ++........             e - amulet of regeneration
HPRegen  0.52/turn              d - ring of see invisible
MPRegen  0.12/turn              (no ring)

@: no status effects
A: no food or potions, fire vulnerability, cold resistance 1, negative energy
resistance 3, torment resistance, unbreathing
a: no special abilities


You were on level 2 of the Dungeon.
You were not hungry.

You visited 1 branch of the dungeon, and saw 3 of its levels.

You collected 73 gold pieces.

Inventory:

Armour
 a - a +0 robe (worn)
Jewellery
 d - a ring of see invisible (left hand)
 e - an amulet of regeneration (around neck)
 h - an uncursed amulet of faith {unknown}
Wands
 f - a wand of paralysis (11/24)
Scrolls
 c - 2 scrolls of identify {unknown}
Books
 b - a book of Flames

   Spells                             Type                      Level
   a - Flame Tongue                   Conjuration/Fire             1
   b - Throw Flame                    Conjuration/Fire             2
   c - Conjure Flame                  Conjuration/Fire             3
   d - Inner Flame                    Hexes/Fire                   3
   e - Sticky Flame                   Conjuration/Fire             4
   f - Fireball                       Conjuration/Fire             5


   Skills:
 + Level 0.3 Fighting
 + Level 2.2 Dodging
 - Level 1.6 Stealth
 + Level 4.4 Spellcasting
 + Level 1.9 Conjurations
 + Level 3.3 Fire Magic


You had 11 spell levels left.
You knew the following spells:

 Your Spells              Type           Power        Failure   Level  Hunger
a - Flame Tongue          Conj/Fire      ##...        6%          1    N/A

Dungeon Overview and Level Annotations

Branches:
Dungeon (3/15)

Altars:
The Shining One


Innate Abilities, Weirdness & Mutations

You do not eat or drink.
Your flesh is vulnerable to fire.
You are immune to poison.
Your flesh is cold resistant. (rC+)
You are immune to negative energy. (rN+++)
You are immune to unholy pain and torment.
You can survive without breathing.


Message History

The gnoll is severely wounded.
The gnoll barely misses you.
Casting: Flame Tongue
Confirm with . or Enter, or press ? or * to list all spells.
Aiming: Flame Tongue
Press: ? - help, Shift-Dir - straight line, f/p - gnoll
Aim: a gnoll, wielding a spear (severely wounded)
The flame tongue misses the gnoll.
The flame tongue hits the goblin.
You kill the goblin!
The gnoll hits you from afar with a spear.
* * * LOW HITPOINT WARNING * * *
Casting: Flame Tongue
Confirm with . or Enter, or press ? or * to list all spells.
Aiming: Flame Tongue
Press: ? - help, Shift-Dir - straight line, f/p - gnoll
Aim: a gnoll, wielding a spear (severely wounded)
The flame tongue hits the gnoll.
The gnoll appears unharmed.
The gnoll is severely wounded.
The gnoll hits you from afar with a spear!
You die...

#
#............######.#
#
######%....#.....†..#
# #.....#.########
############.###.#
.................#####
############.###)....#
# #...........##g###.#
# #.########..##># #.#
# #.########..##@# #.#
# #.............(# #.#
###..###.####.#### #.#
(....# #.# #.# #.#
###.## #.# #.# #.# #
#.# ##.## #.# #.#
###.###).[###.# #.#
..............# #.#
#######...##########.#


You could see a gnoll.

Vanquished Creatures
  5 gnolls
  6 adders
  An ooze (D:2)
  2 worms (D:2)
  2 dart slugs (D:2)
  3 leopard geckos
  An orc (D:2)
  6 bats
  2 giant cockroaches
  5 goblins
  5 hobgoblins
  2 jackals (D:1)
  A quokka (D:3)
  2 ball pythons
  6 frilled lizards
  5 kobolds
  7 rats
61 creatures vanquished.

Notes
Turn   | Place    | Note
-------+----------+-------------------------------------------
     0 | D:1      | Atlas the Mummy Fire Elementalist began the quest for the Orb.
     0 | D:1      | Reached XP level 1. HP: 13/13 MP: 4/4
   130 | D:1      | Reached skill level 3 in Spellcasting
   134 | D:1      | Reached XP level 2. HP: 19/19 MP: 0/6
   667 | D:2      | Reached XP level 3. HP: 17/24 MP: 0/8
   791 | D:2      | Reached skill level 1 in Conjurations
  1143 | D:2      | Reached XP level 4. HP: 30/30 MP: 7/9
  1662 | D:3      | Reached skill level 4 in Spellcasting
  1680 | D:3      | Found a glowing golden altar of the Shining One.
  1711 | D:3      | Noticed a bullfrog
  1711 | D:3      | Noticed an ogre
  1950 | D:2      | Reached XP level 5. HP: 30/35 MP: 6/11
  2126 | D:2      | Slain by a gnoll

Vault maps used:
D:1:      lemuel_arrival_funnel
D:3:      nicolae_tso_swordbearing_angel, lemuel_crystal_altar, led_sif_pool,
          lightli_corner_chamber

Skill      XL: |  1  2  3  4 |
---------------+-------------+-----
Spellcasting   | 3 4 |  4.4
Conjurations   | 1 |  1.9
Fire Magic     | 3 |  3.3
Dodging        | 2 |  2.2
Fighting       | |  0.3
Stealth        | |  1.6

Action                   |  1- 3 |  4- 6 || total
-------------------------+-------+-------++-------
Melee: Unarmed           |    14 |    10 ||    24
 Cast: Flame Tongue      |    59 |    73 ||   132
  Use: Scroll            |       |     2 ||     2
Armor: Robe              |     5 |    16 ||    21
Dodge: Dodged            |    27 |    61 ||    88

Table legend:
 A = Spawn XP
 B = Non-spawn XP
 C = Spawn XP percentage of total XP
 D = Spawn monster count
 E = Non-spawn monster count
 F = Spawn count percentage of total count
 G = Total turns spent on level
                    A         B        C        D         E        F      G
               +---------+---------+-------+---------+---------+-------+---------
         Total |       0 |     243 |   0.0 |       0 |      61 |   0.0 |  2126
               +---------+---------+-------+---------+---------+-------+---------
           D:1 |       0 |      30 |   0.0 |       0 |      19 |   0.0 |   652
           D:2 |       0 |     160 |   0.0 |       0 |      31 |   0.0 |  1235
           D:3 |       0 |      53 |   0.0 |       0 |      11 |   0.0 |   239
               +---------+---------+-------+---------+---------+-------+---------
